 Dungeon Crawl Stone Soup version 0.29.1-13-g9f3cf754e1 (webtiles) character file.

Game seed: 5455241459276785134

21 cdecastro the Ruffian (level 2, -3/26 HPs)
             Began as a Ghoul Monk on Jan 20, 2023.
             Slain by a goblin
             ... wielding a +0 dagger of venom
             ... led by Robin
              (6 damage)
             ... on level 2 of the Dungeon on Jan 21, 2023.
             The game lasted 00:01:48 (901 turns).

cdecastro the Ruffian (Ghoul Monk)                   Turns: 901, Time: 00:01:49

Health: -3/26      AC:  2    Str: 14    XL:     2   Next: 87%
Magic:  1/1        EV: 12    Int:  5    God:
Gold:   59         SH:  0    Dex: 11    Spells: 1/1 levels left

rFire   . . .      SeeInvis .     - Unarmed
rCold   + . .      Faith    .   (no shield)
rNeg    + + +      Spirit   .   a - +0 robe
rPois   ∞          Reflect  .   (no helmet)
rElec   .          Harm     .   (no cloak)
rCorr   .          Rampage  .   (no gloves)
Will    .....                   (no boots)
Stlth   ++........              (no amulet)
HPRegen 0.00/turn               (no ring)
MPRegen 0.07/turn               (no ring)

@: inhibited regen
A: claws 1, cold resistance 1, negative energy resistance 3, inhibited
regeneration, torment resistance 2, devour on kill
a: no special abilities


You were on level 2 of the Dungeon.
You visited 1 branch of the dungeon, and saw 2 of its levels.

You collected 59 gold pieces.

Inventory:

Armour
 a - a +0 robe (worn)
 k - a +0 chain mail
 l - a +0 buckler
Jewellery
 i - a +6 ring of strength
Wands
 m - a wand of charming (10)
Scrolls
 c - a scroll of identify {unknown}
 d - a scroll of enchant armour {unknown}
 e - a scroll of acquirement {unknown}
 g - a scroll of fog {unknown}
 h - 3 scrolls of immolation {unknown}
Potions
 b - a potion of ambrosia
 f - a potion of curing {unknown}
 j - a potion of invisibility {unknown}


   Skills:
 - Level 3.2 Fighting
 - Level 2.6 Dodging
 - Level 2.1 Stealth
 + Level 4.4 Unarmed Combat


You had one spell level left.
You didn't know any spells.
Your spell library was empty.

Dungeon Overview and Level Annotations

Branches:
Dungeon (2/15)

Altars:

Annotations:
D:2 Robin


Innate Abilities, Weirdness & Mutations

You are immune to poison.
You have sharp fingernails.
Your flesh is cold resistant. (rC+)
You are immune to negative energy. (rN+++)
You do not regenerate when monsters are visible.
You are immune to unholy pain and torment.
You thrive by killing the living.


Message History

The goblin shouts!
You scratch Robin.
Robin is lightly wounded.
You scratch Robin.
Robin is lightly wounded.
Robin barely misses you.
You closely miss Robin. You claw Robin, but do no damage.
Robin is lightly wounded.
Robin hits you with a +0 dagger.
You scratch Robin.
Robin is moderately wounded.
Robin throws the goblin at you!
You claw Robin!
Robin is almost dead.
The goblin hits you with a +0 dagger of venom.
* * * LOW HITPOINT WARNING * * *
Robin hits you with a +0 dagger.
* * * LOW HITPOINT WARNING * * *
You scratch Robin but do no damage.
Robin is severely wounded.
The goblin barely misses you. Robin barely misses you.
The goblin no longer looks unusually strong.
Robin throws the goblin at you!
* * * LOW HITPOINT WARNING * * *
The goblin hits you but does no damage. The goblin attacks as you move away!
The goblin barely misses you. The goblin attacks as you move away!
The goblin misses you.
You barely miss the goblin.
The goblin hits you with a +0 dagger of venom.
* * * LOW HITPOINT WARNING * * *
Robin roars a battlecry!
The goblin goes into a battle-frenzy!
You scratch the goblin but do no damage.
The goblin misses you. Robin throws the goblin at you!
* * * LOW HITPOINT WARNING * * *
The goblin barely misses you.
You closely miss the goblin. The goblin barely misses you. x2
You scratch the goblin but do no damage.
The goblin hits you with a +0 dagger of venom.
You die...

#.......#.# #.#.......#
#.####..### ..######.##....#
####### .........##.##.##
.......
......#..##.##..##....≈≈≈
...........gg)g......≈...
......#.###g###.##..........
..#####.# #@# #.##§≈.......§
. ...# #g# #.#.≈........§
##.###.###.#§≈.g...≈≈.§
#.........#§≈gg..≈._≈.
####.######.≈.....≈≈.. #.#
#§[§.g.....).
#.#####...≈§...g...
#..).....§.§.......
#######..#..≈.§...≈


You could see Robin and 3 goblins.

Vanquished Creatures
  2 dart slugs (D:1)
  A giant cockroach (D:1)
  5 goblins (D:2)
  2 hobgoblins (D:2)
  2 ball pythons
  4 frilled lizards
  A kobold (D:1)
  A rat (D:1)
18 creatures vanquished.

Notes
Turn   | Place    | Note
-------+----------+-------------------------------------------
     0 | D:1      | cdecastro the Ghoul Monk began the quest for the Orb.
     0 | D:1      | Reached XP level 1. HP: 19/19 MP: 0/0
   350 | D:1      | Reached XP level 2. HP: 26/26 MP: 1/1
   367 | D:1      | Reached skill level 4 in Unarmed Combat
   807 | D:2      | Found a faded altar of an unknown god.
   816 | D:2      | Noticed Robin
   901 | D:2      | Slain by a goblin

Illustrated notes

Levels and vault maps discovered:
D:1:      dpeg_arrival_long_road, layout_loops_cross, serial_bayou_pond_a,
          minmay_misc_feat_rugged
D:2:      layout_loops_cross, shapermc_ecumenical_altar_starsandcircs,
          uniq_natasha, uniq_robin

Skill      XL: |  1  2 |
---------------+-------+-----
Unarmed Combat | 4 |  4.4
Fighting       | |  3.2
Dodging        | |  2.6
Stealth        | |  2.1

Action                   || total
-------------------------++-------
Melee: Unarmed           ||    50
       Punch             ||     1
 Stab: Sleeping          ||     4
Armor: Robe              ||     5
Dodge: Dodged            ||    23
